 Dungeon Crawl Stone Soup version 0.29.1-1-gd02db6906a (webtiles) character file.

Game seed: 10087339161759374182

100 oldmanjim the Stinger (level 4, 0/30 HPs)
             Began as a Merfolk Venom Mage on Oct 22, 2022.
             Slain by an orc
             ... wielding a +0 mace of holy wrath
              (6 damage)
             ... on level 3 of the Dungeon.
             The game lasted 00:17:50 (3198 turns).

oldmanjim the Stinger (Merfolk Venom Mage)          Turns: 3198, Time: 00:17:51

Health: 0/30       AC:  3    Str:  8    XL:     4   Next: 73%
Magic:  5/8        EV: 12    Int: 16    God:
Gold:   125        SH:  0    Dex: 14    Spells: 5/8 levels left

rFire   . . .      SeeInvis .   a - +0 trident
rCold   . . .      Faith    .   (no shield)
rNeg    . . .      Spirit   .   s - +0 robe
rPois   .          Reflect  .   (no helmet)
rElec   .          Harm     .   (no cloak)
rCorr   .          Rampage  .   (no gloves)
Will    .....                   h - +0 pair of boots
Stlth   ++........              (no amulet)
HPRegen 0.10/turn               (no ring)
MPRegen 0.11/turn               (no ring)

@: about to teleport
A: (nimble swimmer 2), mertail
a: no special abilities


You were on level 3 of the Dungeon.
You visited 1 branch of the dungeon, and saw 3 of its levels.

You collected 125 gold pieces.

Inventory:

Hand Weapons
 a - a +0 trident (weapon)
 f - a +0 dagger
 m - a +0 spear
Missiles
 p - 6 poisoned darts
 t - 15 stones
Armour
 h - a +0 pair of boots (worn)
 n - the +1 ring mail "Hosavum" {+Blink rF+}
   (You found it on level 2 of the Dungeon)

   rF:        It protects you from fire.
   +Blink:    It lets you blink.
 o - the +3 ring mail of Erhoaph {*Slow +Inv Will+++ Str+2}
   (You found it on level 2 of the Dungeon)

   Str:       It affects your strength (+2).
   +Inv:      It lets you turn invisible.
   *Slow:     It may slow you when you take damage.
   Will:      It greatly increases your willpower.
 s - a +0 robe (worn)
Jewellery
 q - an amulet of the acrobat
Scrolls
 c - a scroll of vulnerability {unknown}
 i - a scroll of poison {unknown}
 k - a scroll of identify {unknown}
 r - a scroll of fear {unknown}
 y - a scroll of butterflies {unknown}
Potions
 b - 2 potions of magic
 d - a potion of berserk rage {unknown}
 e - a potion of heal wounds {unknown}
 g - a potion of haste {unknown}
 j - 2 potions of lignification {unknown}
 l - a potion of cancellation {unknown}
 v - a potion of attraction {unknown}
 w - a potion of curing {unknown}
 x - a potion of resistance {unknown}


   Skills:
 + Level 1.7 Polearms
 - Level 2.6 Dodging
 - Level 2.1 Stealth
 + Level 2.9 Spellcasting
 - Level 2.0 Transmutations
 - Level 1.0 Air Magic
 + Level 4.3 Poison Magic


You had 5 spell levels left.
You knew the following spells:

 Your Spells              Type           Power      Damage    Failure   Level
a - Sting                 Tmut/Pois      48%        1d5       4%          1
b - Poisonous Vapours     Pois/Air       20%        N/A       10%         2

Your spell library contained the following spells:

 Spells                   Type           Power      Damage    Failure   Level
 Freeze                   Ice            8%         1d3       19%         1
 Mephitic Cloud           Conj/Pois/Air  8%         N/A       26%         3
 Olgreb's Toxic Radiance  Pois           16%        N/A       30%         4


Dungeon Overview and Level Annotations

Branches:
Dungeon (3/15)

Altars:


Innate Abilities, Weirdness & Mutations

((You are very nimble when in or above water. (Stealth+, EV+, Speed+++)))
Your lower body shifts to a powerful aquatic tail in water.


Message History

The orc hits you with a +0 whip.
You hit the orc.
You kill the orc!
A kobold comes into view. It is wielding a +0 dagger.
The orc hits you with a +0 hand axe.
Casting: Sting (safe; 5% risk of failure)
Confirm with . or Enter, or press ? or * to list all spells.
Aiming: Sting (safe; 5% risk of failure)
Press: ? - help, Shift-Dir - straight line, f - orc
Aim: an orc, wielding a +0 hand axe and wearing a +0 leather armour (71% to hit)
The sting hits the orc.
The orc is poisoned.
The orc is moderately wounded.
The orc hits you with a +0 hand axe.
You hit the orc. Your punch misses the orc.
The orc is severely wounded.
The orc hits you with a +0 hand axe.
You are too injured to fight recklessly!
You hit the orc but do no damage.
The orc is severely wounded.
An orc comes into view. It is wielding a +0 club.
The orc barely misses you.
You closely miss the orc.
The orc is severely wounded.
An orc comes into view. It is wielding a +0 flail.
The orc hits you with a +0 hand axe.
* * * LOW HITPOINT WARNING * * *
The orc shouts!
You hit the orc but do no damage.
The orc is almost dead.
The orc misses you.
You hit the orc.
You kill the orc!
An orc comes into view. It is wielding a +0 club.
The orc hits you with a +0 mace of holy wrath.
* * * LOW HITPOINT WARNING * * *
An orc comes into view. It is wielding a +0 short sword.
As you read the scroll labelled KICACWI CILIRU, it crumbles to dust.
You feel strangely unstable.
It was a scroll of teleportation.
The orc hits you with a +0 mace of holy wrath.
You die...

$.. #.# .......#.....#
...###.###.# #.#.#.....#
#..........###.........##########
.................)...........>...
.........#####...#.......o.##.###
............†....#.o.............
.......#.######.K...###...o#..###
.......#.# ##o##.##.......<#
#......#.# #@##.##......#.#
#......#.# #.##.##.....##.#
........... #.##.##.....##.#
..#.#..#.## #o##..#.#.#.##.#
.......#.# #.###.#.....##..
..#.#.....


oo. .'........# .......#.## #o# .#.....##.. .....#.#.. #.# #.....# ....##.#
>.....# You could see 5 orcs and a kobold.

Vanquished Creatures
  Terence (D:2)
  2 adders
  4 orcs
  5 endoplasms
  2 giant cockroaches
  7 goblins
  6 hobgoblins
  3 jackals (D:1)
  3 quokkas
  7 ball pythons
  4 bats
  4 frilled lizards
  A kobold (D:2)
  2 rats (D:2)
51 creatures vanquished.

Vanquished Creatures (others)
  4 plants (D:1)
4 creatures vanquished.

Grand Total: 55 creatures vanquished

Notes
Turn   | Place    | Note
-------+----------+-------------------------------------------
     0 | D:1      | oldmanjim the Merfolk Venom Mage began the quest for the
                  | Orb.
     0 | D:1      | Reached XP level 1. HP: 13/13 MP: 3/3
   298 | D:1      | Reached XP level 2. HP: 19/19 MP: 1/5
   676 | D:1      | Learned a level 2 spell: Poisonous Vapours
   805 | D:1      | Found a faded altar of an unknown god.
   812 | D:1      | Got Plato's Directory of Hoarfrost
  1147 | D:1      | Reached XP level 3. HP: 24/24 MP: 3/6
  1828 | D:2      | Identified the +1 ring mail "Hosavum" {+Blink rF+}
  1992 | D:2      | Identified the +3 ring mail of Erhoaph {*Slow +Inv Will+++
                  | Str+2}
  2200 | D:2      | Reached skill level 4 in Poison Magic
  2399 | D:2      | Noticed Terence
  2413 | D:2      | Killed Terence
  2414 | D:2      | Reached skill level 1 in Polearms
  2414 | D:2      | Reached skill level 1 in Air Magic
  2414 | D:2      | Reached XP level 4. HP: 30/30 MP: 1/8
  3176 | D:3      | Noticed a water moccasin
  3198 | D:3      | Slain by an orc

Illustrated notes

Levels and vault maps discovered:
D:1:      psy_arrival_radial02, layout_loops_ring,
          shapermc_ecumenical_altar_rom_forum
D:2:      layout_basic, grunt_ministairs_9, roderic_lattice_a,
          minmay_tromino_v2, uniq_terence
D:3:      layout_basic, serial_glass, glass_columns_a, glass_columns_b,
          glass_columns_a, glass_columns_a, glass_columns_b, glass_columns_a,
          minmay_door_square

Skill      XL: |  1  2  3 |
---------------+----------+-----
Transmutations | 2 |  2.0
Poison Magic   | 4 |  4.3
Polearms       | 1 |  1.7
Air Magic      | 1 |  1.0
Dodging        | |  2.6
Stealth        | |  2.1
Spellcasting   | |  2.9

Action                   |  1- 3 |  4- 6 || total
-------------------------+-------+-------++-------
Melee: Dagger            |     4 |       ||     4
       Punch             |     1 |       ||     1
       Spear             |     6 |       ||     6
       Trident           |       |    12 ||    12
Throw: Stone             |     4 |       ||     4
 Cast: Sting             |    63 |    11 ||    74
       Poisonous Vapours |     9 |     8 ||    17
  Use: Scroll            |       |     1 ||     1
 Stab: Sleeping          |       |     2 ||     2
Armor: Robe              |    10 |     2 ||    12
Dodge: Dodged            |    30 |     9 ||    39
